 Dungeon Crawl Stone Soup version 0.29-a0-298-g3c90f9a769 (webtiles) character file.

Game seed: 15206812008887771578

49 kae the Firebug (level 3, 0/20 HPs)
             Began as a Tengu Fire Elementalist on Mar 21, 2022.
             Killed from afar by an orc wizard (7 damage)
             ... with a magic dart
             ... on level 2 of the Dungeon on Mar 22, 2022.
             The game lasted 00:01:37 (1892 turns).

kae the Firebug (Tengu Fire Elementalist)           Turns: 1892, Time: 00:01:38

Health: 0/20       AC:  2    Str:  8    XL:     3   Next: 75%
Magic:  7/7        EV: 12    Int: 17    God:
Gold:   73         SH:  0    Dex: 14    Spells: 0/6 levels left

rFire   . . .      SeeInvis .   (no weapon)
rCold   . . .      Faith    .   h - +0 buckler
rNeg    . . .      Spirit   .   a - +0 robe
rPois   .          Reflect  .   (helmet restricted)
rElec   .          Harm     .   (no cloak)
rCorr   .          Rampage  .   (no gloves)
Will    .....                   (boots unavailable)
Stlth   +.........              (no amulet)
HPRegen 0.06/turn               (no ring)
MPRegen 0.10/turn               (no ring)

@: confused
A: beak, talons 3
a: no special abilities


You were on level 2 of the Dungeon.
You visited 1 branch of the dungeon, and saw 2 of its levels.

You collected 73 gold pieces.

Inventory:

Armour
 a - a +0 robe (worn)
 h - a +0 buckler (worn)
Jewellery
 j - a ring of protection from cold
 k - a ring of resist corrosion
Scrolls
 f - a scroll of identify {unknown}
 g - 2 scrolls of teleportation
 i - a scroll of noise {unknown}
Potions
 b - a potion of magic
 e - a potion of lignification {unknown}


   Skills:
 + Level 1.0 Fighting
 - Level 2.1 Dodging
 - Level 2.0 Stealth
 * Level 1.0 Shields
 + Level 2.3 Spellcasting
 + Level 2.2 Conjurations
 * Level 4.0 Fire Magic


You couldn't memorise any spells.
You knew the following spells:

 Your Spells              Type           Power      Damage    Failure   Level
a - Foxfire               Conj/Fire      48%        2x1d6     7%          1
b - Scorch                Fire           30%        2d6       8%          2
c - Conjure Flame         Conj/Fire      12%        6-21      22%         3

Your spell library contained the following spells:

 Spells                   Type           Power      Damage    Failure   Level
 Inner Flame              Hex/Fire       8%         N/A       32%         3
 Flame Wave               Conj/Fire      12%        2d6       56%         4
 Frozen Ramparts          Ice            2%         1d2       61%         3
 Ice Form                 Ice/Tmut       1%         N/A       95%         4
 Summon Ice Beast         Ice/Summ       1%         N/A       95%         4


Dungeon Overview and Level Annotations

Branches:
Dungeon (2/15)

Altars:

Shops:
D:2 (


Innate Abilities, Weirdness & Mutations

You have a beak for a mouth.
You have claws for feet.


Message History

It was a potion of ambrosia.
You are more confused.
You feel invigorated. Something completely misses you.
You bump into the rock wall.
You hear some strange, mumbled words.
You are more confused.
Something hits you but does no damage.
You're too confused to move!
Something hits you.
You bump into the rock wall.
Something hits you. Something hits you. Something hits you.
You're too confused to cast spells.
Something hits you but does no damage.
You feel less invigorated.
You hear some strange, mumbled words.
Something tries to affect you, but you resist.
You're too confused to cast spells.
You're too confused to cast spells.
You're too confused to cast spells.
Saving game... please wait.
Welcome back, kae the Tengu Fire Elementalist.
Press ? for a list of commands and other information.
You are too confused!
You start waiting.
You hear some strange, mumbled words.
A puff of flame appears from out of thin air!
Deactivating autopickup; reactivate with Ctrl-A.
The puff of flame hits you!
You are too confused!
It was a potion of heal wounds.
You feel much better. Something hits you.
Something hits you but does no damage.
You closely miss something. Your peck misses something. Something hits you.
Something hits you.
You hear some strange, mumbled words.
A puff of flame appears from out of thin air!
The puff of flame hits you.
You are too confused!
A magic dart appears from out of thin air!
The magic dart hits you!
You die...

#.# #.#####.#######
#.########.# #.#
#..........# #.#
###.######## #.#
#..# #.# ##.####
######
#.##.#####.#.# #
#.#..#....#.#†...#
#.##@..#....#....#
#.#....##......)#.#
#......{........[$..
###################


There were no monsters in sight!

Vanquished Creatures
  An adder (D:2)
  A worm (D:2)
  3 dart slugs (D:2)
  2 orcs (D:2)
  2 ball pythons (D:1)
  3 endoplasms
  3 goblins
  3 hobgoblins (D:1)
  3 kobolds
  A quokka (D:1)
  2 bats
  A frilled lizard (D:2)
  A rat (D:1)
26 creatures vanquished.

Vanquished Creatures (collateral kills)
  A foxfire (D:2)
1 creature vanquished.

Vanquished Creatures (others)
  117 foxfires
  3 plants (D:2)
120 creatures vanquished.

Grand Total: 147 creatures vanquished

Notes
Turn   | Place    | Note
-------+----------+-------------------------------------------
     0 | D:1      | kae the Tengu Fire Elementalist began the quest for the
                  | Orb.
     0 | D:1      | Reached XP level 1. HP: 10/10 MP: 4/4
   450 | D:1      | Reached XP level 2. HP: 13/16 MP: 0/6
  1262 | D:2      | Reached XP level 3. HP: 18/20 MP: 3/7
  1265 | D:2      | Learned a level 2 spell: Scorch
  1269 | D:2      | Learned a level 3 spell: Conjure Flame
  1342 | D:2      | Found Leagadgh's Antique Weapon Shop.
  1740 | D:2      | Reached skill level 1 in Fighting
  1740 | D:2      | Reached skill level 4 in Fire Magic
  1853 | D:2      | Reached skill level 1 in Shields
  1884 | D:2      | Upgraded the game from 0.29-a0-297-g7659ce593d to
                  | 0.29-a0-298-g3c90f9a769
  1892 | D:2      | Killed from afar by an orc wizard

Illustrated notes

Levels and vault maps discovered:
D:1:      nicolae_arrival_washed_ashore, layout_basic
D:2:      layout_loops_ring, serial_forest, infiniplex_forest_clump_double,
          infiniplex_forest_side_room, infiniplex_forest_zigzag_1,
          infiniplex_forest_end_1, serial_shops,
          nicolae_shop_overgrown_old_shop, roderic_cross_of_infinity,
          minmay_misc_feat_rugged, roderic_roman_lattice

Skill      XL: |  1  2  3 |
---------------+----------+-----
Conjurations   | 2 |  2.2
Fighting       | 1 |  1.0
Fire Magic     | 4 |  4.0
Shields        | 1 |  1.0
Dodging        | |  2.1
Stealth        | |  2.0
Spellcasting   | |  2.3

Action                   || total
-------------------------++-------
Melee: Unarmed           ||     7
       Peck              ||     4
 Cast: Foxfire           ||    75
  Use: Scroll            ||     2
       Potion            ||     2
Armor: Robe              ||    10
Dodge: Dodged            ||    24
Block: Buckler           ||     2

Table legend: (Time is in decaauts)
 A = Elapsed time spent in this place.
 B = Non-inter-level travel time spent in this place.
 C = Inter-level travel time spent in this place.
 D = Time resting spent in this place.
 E = Time spent auto-exploring this place.
 F = Levels seen in this place.
 G = Mean time per level.
                   A        B        C        D        E       F      G
               +--------+--------+--------+--------+--------+-----+--------+
         Total |   1892 |   1881 |     11 |     63 |   1558 |   2 |  946.0 |
       Dungeon |   1892 |   1881 |     11 |     63 |   1558 |   2 |  946.0 |
               +--------+--------+--------+--------+--------+-----+--------+

Top non-repeatable levels by time:
     D:1: 1146 daAuts
     D:2: 746 daAuts
